 Dungeon Crawl Stone Soup version 0.30-a0-390-g80c34de65d (webtiles) character file.

Game seed: 10553223534626295603

25988 Bnni the Peltast (level 13, -8/105 HPs)
             Began as a Formicid Fighter on Dec 4, 2022.
             Was an Initiate of Yredelemnul.
             Mangled by a skeletal warrior
             ... wielding a +0 flail
              (22 damage)
             ... on level 12 of the Dungeon.
             The game lasted 00:27:34 (12958 turns).

Bnni the Peltast (Formicid Fighter)                Turns: 12958, Time: 00:27:35

Health: -8/105     AC: 14    Str: 27    XL:     13   Next: 54%
Magic:  20/20      EV:  9    Int:  7    God:    Yredelemnul [......]
Gold:   666        SH: 25    Dex: 13    Spells: 12/12 levels left

rFire   + + .      SeeInvis +    I - +4 trident
rCold   + + .      Faith    +    b - +6 tower shield "Vuycwik" {rC+ rN+}
rNeg    + + .      Spirit   .    c - +4 ring mail of Icesa {rN+}
rPois   .          Reflect  .    (helmet unavailable)
rElec   .          Harm     .    M - scarf {rC+ rF+}
rCorr   .          Rampage  .    (no gloves)
Will    +....                    C - +0 pair of boots
Stlth   +.........               t - amulet of faith
HPRegen 0.37/turn                J - ring of protection from fire
MPRegen 0.17/turn                w - +4 ring of protection

@: no status effects
A: permanent stasis, dig shafts and tunnels, antennae 3, four strong arms
a: Dig, Shaft Self, Renounce Religion, Recall Undead Harvest


You were on level 12 of the Dungeon.
You worshipped Yredelemnul.
Yredelemnul was aware of your devotion.
You visited 2 branches of the dungeon, and saw 14 of its levels.
You also visited: Sewer.

You collected 666 gold pieces.

Inventory:

Hand Weapons
 d - a +0 halberd
 I - a +4 trident (weapon)
Missiles
 n - 2 curare-tipped darts
 v - 41 poisoned darts
 L - 2 throwing nets
 N - 3 boomerangs
Armour
 b - the +6 tower shield "Vuycwik" (worn) {rC+ rN+}
   (You acquired it on level 7 of the Dungeon)

   rC:        It protects you from cold.
   rN:        It protects you from negative energy.
 c - the +4 ring mail of Icesa (worn) {rN+}
   (You found it on level 10 of the Dungeon)

   rN:        It protects you from negative energy.
 A - a +0 cloak
 C - a +0 pair of boots (worn)
 M - a scarf of resistance (worn)
Jewellery
 k - a ring of positive energy
 t - an amulet of faith (around neck)
 w - a +4 ring of protection (right hand)
 J - a ring of protection from fire (left hand)
Wands
 p - a wand of flame (22)
 u - a wand of iceblast (4)
 F - a wand of quicksilver (6)
 G - a wand of digging (5)
 K - a wand of mindburst (2)
 O - a wand of charming (4)
Scrolls
 e - 3 scrolls of magic mapping
 j - 4 scrolls of brand weapon {unknown}
 o - 3 scrolls of vulnerability
 x - 4 scrolls of poison
 y - 3 scrolls of butterflies
 D - 3 scrolls of amnesia
 E - 2 scrolls of enchant weapon
 H - 2 scrolls of fear
Potions
 f - 3 potions of cancellation
 g - 3 potions of heal wounds
 i - 4 potions of flight
 l - 3 potions of invisibility
 q - 2 potions of magic
 r - 2 potions of mutation {unknown}
 s - 6 potions of curing
 z - 4 potions of lignification {unknown}
 B - 2 potions of ambrosia
Miscellaneous
 a - a lightning rod (1/4)


   Skills:
 + Level 10.9 Fighting
 * Level 13.5 Polearms
 - Level 3.2 Armour
 + Level 15.9 Shields
 + Level 9.5 Invocations


You had 12 spell levels left.
You didn't know any spells.
Your spell library contained the following spells:

 Spells                   Type           Power      Damage    Failure   Level
 Magic Dart               Conj           0%         1d3       86%         1
 Slow                     Hex            0%         N/A       86%         1
 Call Imp                 Summ           0%         N/A       95%         2
 Ensorcelled Hibernation  Hex/Ice        0%         N/A       95%         2
 Momentum Strike          Conj/Tloc      0%         3d8       95%         2
 Passwall                 Tmut/Erth      0%         N/A       95%         2
 Sublimation of Blood     Necr           0%         N/A       95%         2
 Wereblood                Tmut           0%         N/A       95%         2
 Confusing Touch          Hex            0%         N/A       99%         3
 Frozen Ramparts          Ice            0%         1d1       99%         3
 Gell's Gravitas          Tloc           0%         N/A       99%         3
 Lesser Beckoning         Tloc           0%         N/A       99%         3
 Mephitic Cloud           Conj/Pois/Air  0%         N/A       99%         3
 Teleport Other           Tloc           0%         N/A       99%         3
 Vampiric Draining        Necr           0%         2d6       99%         3
 Airstrike                Air            0%         2d(0-16)  100%        4
 Ice Form                 Ice/Tmut       0%         N/A       100%        4
 Summon Ice Beast         Ice/Summ       0%         N/A       100%        4
 Summon Lightning Spire   Summ/Air       0%         N/A       100%        4
 Lightning Bolt           Conj/Air       0%         1d11      100%        5
 Summon Hydra             Summ           0%         N/A       100%        7
 Blink                    Tloc           Unusable   N/A       N/A         2
 Swiftness                Air            Unusable   N/A       N/A         3

Dungeon Overview and Level Annotations

Branches:
Dungeon (13/15)            Temple (1/1) D:4            Lair (0/5) D:10
    Orc (0/2) D:11          Sewer (visited)
 Vaults: D:13-14

Altars:
Ashenzari
Cheibriados
Dithmenos
Elyvilon
Fedhas
Gozag
Hepliaklqana
Kikubaaqudgha
Makhleb
Nemelex Xobeh
Qazlal
Ru
Trog
Uskayaw
Vehumet
Wu Jian
Xom
Yredelemnul
Zin
The Shining One
Lugonu

Annotations:
D:12 1 transporter


Innate Abilities, Weirdness & Mutations

You cannot be hasted, slowed, berserked, paralysed or teleported.
You can dig through walls and to a lower floor.
You have a pair of large antennae on your head. (SInv)
Your four strong arms can wield two-handed weapons with a shield.


Message History

You barely miss the skeletal warrior.
The skeletal warrior is severely damaged.
You hit the skeletal warrior but do no damage.
The skeletal warrior is severely damaged.
You block the skeletal warrior's attack.
You puncture the skeletal warrior!
The skeletal warrior is almost destroyed.
You block the skeletal warrior's attack.
You hit the skeletal warrior but do no damage.
The skeletal warrior is severely damaged.
You block the skeletal warrior's attack.
You puncture the skeletal warrior!
The skeletal warrior is almost destroyed.
You hit the skeletal warrior but do no damage.
The skeletal warrior is almost destroyed.
You block the skeletal warrior's attack.
You hit the skeletal warrior.
The skeletal warrior is almost destroyed.
The skeletal warrior hits you with a +0 short sword!
* * * LOW HITPOINT WARNING * * *
You hit the skeletal warrior.
You destroy the skeletal warrior!
Your life force feels restored.
You puncture the skeletal warrior!
The skeletal warrior is lightly damaged.
You hit the skeletal warrior but do no damage.
The skeletal warrior is lightly damaged.
You block the skeletal warrior's attack.
You puncture the skeletal warrior!
The skeletal warrior is moderately damaged.
The skeletal warrior hits you but does no damage.
You puncture the skeletal warrior!
The skeletal warrior is moderately damaged.
The skeletal warrior hits you with a +0 flail!
* * * LOW HITPOINT WARNING * * *
You hit the skeletal warrior but do no damage.
The skeletal warrior is moderately damaged.
The skeletal warrior hits you with a +0 flail!!
You die...
Your body rises from the dead as a mindless zombie.

.#####...######..#######..######Z
.........................^.......
...<............................<
######.########..######..#######.
######.########..######..# #.
.........................#######.
.....Z............>..............
.......##########z...............
#####..# #@#{.########..###
....Z..###########..########..###
.................................
..###########Z############.......
.Z# #.# #.###### .Z# #Z# #.######
..###########Z############.......
...............Z.................
.................###########.....


You could see a skeletal warrior.

Vanquished Creatures
  Kirke (D:12)
  A fire dragon (D:9)
  Harold (D:10)
  3 two-headed ogres
  2 skeletal warriors (D:12)
  An ugly thing (D:7)
  2 oklob plants (D:10)
  A cyclops (D:12)
  An unseen horror (D:12)
  4 kobold demonologists
  2 hornets (D:9)
  Grinder (D:6)
  A troll (D:10)
  A shadow (D:9)
  14 yaks
  A wraith (D:10)
  A human (D:12)
  2 hogs (D:12)
  A vampire mosquito (D:10)
  A steam dragon (D:8)
  Menkaure (D:4)
  3 small abominations (D:7)
  3 water moccasins
  An ice beast (D:8)
  2 sky beasts
  2 ogres
  2 centaurs
  4 lemures (D:8)
  The ghost of blade888 the Chiller, an amateur OpIE (D:4)
  A phantom (D:5)
  5 kobold brigands
  2 bullfrogs (D:6)
  3 necrophages
  7 wights (D:8)
  A scorpion (D:5)
  A yak zombie (D:10)
  3 howler monkeys
  3 hounds
  Crazy Yiuf (D:6)
  4 orc priests
  An iguana (D:6)
  11 orc wizards
  Robin (D:2)
  11 gnolls
  5 river rats
  10 adders
  2 shadow imps
  3 white imps
  A worm (D:2)
  A dart slug (D:1)
  44 orcs
  7 endoplasms
  3 giant cockroaches
  17 goblins
  8 hobgoblins
  4 jackals (D:4)
  14 kobolds
  3 quokkas
  10 ball pythons
  3 bats
  7 rats
258 creatures vanquished.

Vanquished Creatures (collateral kills)
  Pikel (D:8)
  An ugly thing (D:7)
  A cyclops (D:12)
  A manticore (D:11)
  A komodo dragon (D:10)
  A hornet (D:9)
  A troll (D:12)
  4 yaks
  A wraith (D:11)
  A human (D:12)
  2 vampire mosquitoes (D:10)
  A water moccasin (D:4)
  An orc warrior (D:9)
  A vampire mosquito zombie (D:10)
  A centaur (D:10)
  A necrophage (D:5)
  2 small abominations (D:7)
  An orc priest (D:12)
  3 orc wizards
  A gnoll (D:7)
  An adder (D:5)
  A white imp (D:7)
  A worm (D:5)
  6 orcs
  A kobold (D:9)
37 creatures vanquished.

Vanquished Creatures (others)
  A hornet zombie (D:9)
  A spectral acid dragon (D:12)
  A water moccasin zombie (D:7)
  4 yak zombies
  A centaur zombie (D:9)
  An ice beast zombie (D:8)
  An adder zombie (Sewer)
  An orc (D:10)
  4 gnoll zombies
  5 kobold zombies
  20 orc zombies
  3 fungi (D:1)
  6 plants
49 creatures vanquished.

Grand Total: 344 creatures vanquished

Notes
Turn   | Place    | Note
-------+----------+-------------------------------------------
     0 | D:1      | Bnni the Formicid Fighter began the quest for the Orb.
     0 | D:1      | Reached XP level 1. HP: 18/18 MP: 1/1
    84 | D:1      | Reached XP level 2. HP: 24/24 MP: 2/2
   771 | D:2      | Reached XP level 3. HP: 18/29 MP: 3/3
   945 | D:2      | Noticed Robin
   964 | D:2      | Killed Robin
  1040 | D:2      | Reached XP level 4. HP: 37/37 MP: 4/4
  1048 | D:2      | Reached skill level 5 in Shields
  1937 | D:3      | Found a stormy altar of Qazlal.
  2159 | D:3      | Reached XP level 5. HP: 42/42 MP: 5/5
  2254 | D:4      | Noticed Menkaure
  2259 | D:4      | Killed Menkaure
  2260 | D:4      | Reached XP level 6. HP: 26/49 MP: 6/6
  2509 | D:4      | Found a staircase to the Ecumenical Temple.
  2517 | Temple   | Entered the Ecumenical Temple
  2656 | Temple   | Became a worshipper of Yredelemnul the Dark
  2694 | D:4      | Noticed an ogre
  2700 | D:4      | Killed an ogre
  2701 | D:4      | Reached skill level 5 in Polearms
  2879 | D:4      | Reached skill level 5 in Fighting
  2952 | D:4      | You fall into a shaft and drop 3 floors!
  2990 | D:7      | Noticed a small abomination
  2991 | D:7      | Found a transporter.
  2992 | D:7      | Noticed a red ugly thing
  2993 | D:7      | Found a transporter.
  2993 | D:7      | Found a corrupted altar of Lugonu.
  3037 | D:7      | Noticed a sky beast
  3044 | D:7      | Killed a sky beast
  3045 | D:7      | Reached XP level 7. HP: 47/56 MP: 7/7
  3090 | D:7      | Found a sparkling altar of Nemelex Xobeh.
  3232 | D:6      | Found a glowing drain.
  3237 | Sewer    | Entered a sewer
  3305 | Sewer    | Reached * piety under Yredelemnul
  3647 | Sewer    | Reached XP level 8. HP: 20/64 MP: 8/8
  3835 | D:6      | Noticed Grinder
  3883 | D:6      | Killed Grinder
  4025 | D:6      | Reached skill level 1 in Invocations
  4058 | D:5      | Entered Level 5 of the Dungeon
  4154 | D:5      | Reached ** piety under Yredelemnul
  4207 | D:5      | Reached XP level 9. HP: 31/72 MP: 9/11
  4912 | D:4      | Found a radiant altar of Vehumet.
  5230 | D:4      | Found a burning altar of Makhleb.
  5408 | D:4      | Found a runed translucent door.
  5408 | D:4      | Noticed blade888's ghost (amateur OpIE)
  5430 | D:4      | Killed blade888's ghost
  6182 | D:6      | Found a runed translucent door.
  6183 | D:6      | Noticed Crazy Yiuf
  6189 | D:6      | Killed Crazy Yiuf
  6868 | D:7      | Found a hide-covered altar of Uskayaw.
  6963 | D:7      | Reached skill level 5 in Invocations
  7271 | D:7      | Noticed a green ugly thing
  7294 | D:7      | Killed a green ugly thing
  7295 | D:7      | Reached skill level 10 in Polearms
  7295 | D:7      | Reached XP level 10. HP: 82/82 MP: 8/14
  7295 | D:7      | Killed a red ugly thing
  7363 | D:7      | Identified a scroll of acquirement
  7364 | D:7      | Acquired the +6 tower shield "Vuycwik" {rC+ rN+}
  7613 | D:8      | Found a blossoming altar of Fedhas.
  7895 | D:8      | Found an ornate altar of the Wu Jian Council.
  8007 | D:8      | Noticed Pikel
  8023 | D:8      | Killed Pikel
  8024 | D:8      | Reached skill level 6 in Shields
  8024 | D:8      | Found a white marble altar of Elyvilon.
  8580 | D:9      | Reached skill level 7 in Shields
  8580 | D:9      | Reached XP level 11. HP: 45/89 MP: 16/16
  8584 | D:9      | Reached *** piety under Yredelemnul
  8983 | D:9      | Reached skill level 8 in Shields
  8987 | D:9      | Reached **** piety under Yredelemnul
  9452 | D:9      | Noticed a two-headed ogre
  9461 | D:9      | Noticed a fire dragon
  9463 | D:9      | Killed a two-headed ogre
  9472 | D:9      | Killed a fire dragon
  9472 | D:9      | Reached ***** piety under Yredelemnul
  9755 | D:10     | Entered Level 10 of the Dungeon
  9779 | D:10     | Reached skill level 9 in Shields
  9850 | D:10     | Noticed an oklob plant
  9853 | D:10     | Found a staircase to the Lair.
  9861 | D:10     | Noticed an oklob plant
  9876 | D:10     | Killed an oklob plant
 10144 | D:10     | Killed an oklob plant
 10145 | D:10     | Reached skill level 10 in Fighting
 10304 | D:10     | Noticed Harold
 10339 | D:10     | Killed Harold
 10475 | D:10     | Reached skill level 14 in Shields
 10475 | D:10     | Reached XP level 12. HP: 97/97 MP: 18/18
 10619 | D:10     | Found an opulent altar of Gozag.
 10650 | D:10     | Found a glowing silver altar of Zin.
 10740 | D:10     | Identified the +4 ring mail of Icesa {rN+}
 10800 | D:10     | Reached XP level 13. HP: 103/103 MP: 19/19
 10884 | D:10     | Noticed Psyche
 10891 | D:10     | Killed Psyche
 10891 | D:10     | Enslaved Psyche
 11156 | D:11     | Reached skill level 15 in Shields
 11367 | D:11     | Found a staircase to the Orcish Mines.
 12379 | D:12     | Found a transporter.
 12441 | D:12     | Noticed Kirke
 12455 | D:12     | Noticed a sphinx
 12461 | D:12     | Killed Kirke
 12958 | D:12     | Mangled by a skeletal warrior

Illustrated notes

Levels and vault maps discovered:
D:1:      roderic_dead_forest, layout_loops_ring, dreamdust_mushroom_princess,
          minmay_shallow_snake_nest
D:2:      layout_loops_cross, kennysheep_generic_room_10, uniq_robin
D:3:      layout_loops_corners, nicolae_qazlal_eye_of_the_storm
D:4:      layout_cave_pods, lightli_temple_of_fire, vehumet_altar_wand_db,
          minmay_temple_entry_slanted, ebering_ghost_inner_flame, uniq_menkaure
D:5:      layout_rooms
D:6:      layout_basic, lightli_sewer_entry_pipes, uniq_grinder,
          uniq_crazy_yiuf_cottage
D:7:      gammafunk_corrupted_shrine, layout_loops_cross,
          nemelex_diamond_rough_becter, nicolae_uskayaw_dance_hall,
          minmay_misc_feat_x, nicolae_zen_rock_garden
D:8:      layout_gridville, lemuel_crystal_altar, fedhas_altar_1,
          nicolae_elyvilon_temple_path, uniq_pikel
D:9:      dragon1_lemuel, layout_basic
D:10:     layout_irregular_city, pdpol_temple_overflow_zin_treasury_gozag_greed,
          dpeg_oklobed_lair, kennysheep_generic_room_7, uniq_psyche, uniq_harold
D:11:     layout_basic, hiddenorc2_lemuel
D:12:     layout_long_grid, nicolae_diode_basic, uniq_kirke
D:13:     layout_roguey, david_vaults_1
Temple:   nicolae_temple_slightly_damp_pantheon

Skill      XL: |  1  2  3  4  5  6  7  8  9 10 11 12 13 |
---------------+----------------------------------------+-----
Polearms       | 3 4 5 6 8 10 11 12 13 | 13.5
Shields        | 5 7 14 15 | 15.9
Fighting       | 4 5 6 7 8 9 10 | 10.9
Invocations    | 2 5 7 8 9 |  9.5
Armour         | |  3.2

Action                   |  1- 3 |  4- 6 |  7- 9 | 10-12 | 13-15 || total
-------------------------+-------+-------+-------+-------+-------++-------
Melee: Trident           |    87 |   109 |   229 |   286 |   307 ||  1018
       Halberd           |       |       |   129 |    44 |       ||   173
       Unarmed           |       |       |       |       |     2 ||     2
Throw: Dart              |       |     1 |     1 |       |       ||     2
Invok: Recall Undead Har |       |       |     1 |     2 |    11 ||    14
       Dark Bargain      |       |       |     1 |       |     1 ||     2
       Bind Soul         |       |       |       |       |     3 ||     3
 Abil: Dig               |     1 |       |       |     1 |     1 ||     3
Evoke: Wand              |       |     5 |     2 |       |       ||     7
       Lightning rod     |       |       |       |       |     3 ||     3
  Use: Scroll            |       |     5 |    10 |     5 |     3 ||    23
       Potion            |       |       |     5 |     2 |     1 ||     8
 Stab: Invisible         |       |       |     2 |       |       ||     2
       Distracted        |       |       |     1 |     5 |       ||     6
Armor: Scale mail        |    33 |    33 |    58 |       |       ||   124
       Chain mail        |       |       |    11 |    56 |       ||    67
       Ring mail         |       |       |       |     1 |    33 ||    34
Dodge: Dodged            |    29 |    26 |    88 |    29 |    31 ||   203
Block: Buckler           |    23 |    52 |    94 |     1 |       ||   170
       Tower shield      |       |       |       |   209 |   186 ||   395

Table legend: (Time is in decaauts)
 A = Elapsed time spent in this place.
 B = Non-inter-level travel time spent in this place.
 C = Inter-level travel time spent in this place.
 D = Time resting spent in this place.
 E = Time spent auto-exploring this place.
 F = Levels seen in this place.
 G = Mean time per level.
                   A        B        C        D        E       F      G
               +--------+--------+--------+--------+--------+-----+--------+
         Total |  13019 |  12425 |    594 |    995 |   8959 |  15 |  867.9 |
       Dungeon |  12210 |  11636 |    574 |    859 |   8527 |  13 |  939.2 |
        Temple |    160 |    140 |     20 |      0 |    117 |   1 |  160.0 |
         Sewer |    649 |    649 |      0 |    136 |    314 |   1 |  649.0 |
               +--------+--------+--------+--------+--------+-----+--------+

Top non-repeatable levels by time:
     D:9: 1335 daAuts
    D:10: 1309 daAuts
     D:4: 1264 daAuts
     D:6: 1142 daAuts
     D:8: 1059 daAuts
     D:7: 1038 daAuts
     D:3: 914 daAuts
    D:11: 907 daAuts
    D:12: 893 daAuts
     D:5: 839 daAuts
     D:1: 772 daAuts
     D:2: 726 daAuts
   Sewer: 649 daAuts
  Temple: 160 daAuts
    D:13: 6 daAuts
